 Dungeon Crawl Stone Soup version 0.32-a0-411-g744942f433 (webtiles) character file.

Game seed: 3936750227860281012

15 Bravepunisher the Ducker (level 2, -1/16 HPs)
             Began as a Spriggan Monk on Feb 21, 2024.
             Slain by Grinder (6 damage)
             ... while paralysed by Grinder
             ... on level 4 of the Dungeon.
             The game lasted 00:01:08 (264 turns).

Bravepunisher the Ducker (Spriggan Monk)             Turns: 264, Time: 00:01:08

Health: -1/16      AC:  2    Str:  7    XL:     2   Next: 34%
Magic:  3/3        EV:  4    Int: 11    God:
Gold:   0          SH:  0    Dex: 17    Spells: 1/1 levels left

rFire   . . .        a - +0 short sword
rCold   . . .        (no shield)
rNeg    . . .        b - +0 robe
rPois   .            (helmet restricted)
rElec   .            (no cloak)
rCorr   .            (gloves unavailable)
SInv    +            (boots unavailable)
Will    .....        (no amulet)
Stlth   ++           (no ring)
HPRegen 0.22/turn    (no ring)
MPRegen 0.08/turn

%: no passive effects
@: paralysed, very quick
A: very small, no large weapons, unfitting armour, see invisible, speed 3
a: no special abilities


You were on level 4 of the Dungeon.
You visited 1 branch of the dungeon, and saw 4 of its levels.

Inventory:

Hand Weapons
 a - a +0 short sword (weapon)
Armour
 b - a +0 robe (worn)
Scrolls
 d - a scroll of identify {unknown}
 e - 4 scrolls of immolation {unknown}
 f - a scroll of teleportation {unknown}
Potions
 c - a potion of ambrosia


   Skills:
 + Level 2.6 Fighting
 - Level 3.2 Short Blades
 * Level 4.7 Dodging


You had one spell level left.
You didn't know any spells.
Your spell library contained the following spells:

 Spells                   Type           Power      Damage    Failure   Level
 Olgreb's Toxic Radiance  Alch           0%         N/A       98%         4
 Ozocubu's Refrigeration  Ice            0%         4d7       100%        7
 Discord                  Hex            0%         N/A       100%        8


Dungeon Overview and Level Annotations

Branches:
Dungeon (4/15)
 Temple: D:4-7

Altars:

Annotations:
D:3 Ijyb
D:4 Grinder


Innate Abilities, Weirdness & Mutations

You are very small and have problems with some larger weapons.
You are too small for most types of armour.
You have supernaturally acute eyesight. (SInv)
You cover ground extremely quickly. (Speed+++)


Message History

As you open the door, it creaks loudly!
An endoplasm comes into view.
The endoplasm quivers.
There is an open door here.
You open the door.
There is an open door here.
As you close the door, it creaks loudly!
You hear a shout!
Ijyb the Inquisitive comes into view.
She is wielding a +0 club and carrying a wand of polymorph.
Ijyb shouts!
You open the door.
A giant cockroach comes into view.
Ijyb screams, "They call me mad!"
There is an open door here.
Found a stone staircase leading up.
As you open the door, it creaks loudly!
There is an open door here.
You close the door.
Found 8 gold pieces.
Found 9 gold pieces.
Found a stone staircase leading down.
There is a stone staircase leading down here.
You climb downwards.
Grinder shouts!
Found 6 stones.
There is a stone staircase leading up here.
Grinder blinks!
Found 2 red potions.
Found 14 gold pieces.
Grinder blinks!
Grinder gestures at you. Pain shoots through your body!
Grinder gestures at you. You resist with significant effort.
Grinder gestures at you.
You suddenly lose the ability to move!
Grinder says, "My boss said I was rubbish.
His entrails said otherwise."
Grinder hits you.
You writhe in agony.
You die...
Grinder says, "Hey, I wasn't done torturing you yet!"

#.ยง<...##..5#
#......##...###
#......#......#
#......#......#
#......#......#
####...##....##
#...##....#
#.........#
#......5@.#
#.........#
##..#..#####
#####.....#
#.....# #.....#
#.....# #.....#
#.....#


You could see Grinder.

Vanquished Creatures
  An adder (D:2)
  A jackal (D:3)
  A quokka (D:2)
  A ball python (D:2)
4 creatures vanquished.

Notes
Turn   | Place    | Note
-------+----------+-------------------------------------------
     0 | D:1      | Bravepunisher the Spriggan Monk began the quest for the
                  | Orb.
     0 | D:1      | Reached XP level 1. HP: 11/11 MP: 2/2
    68 | D:2      | Reached XP level 2. HP: 7/16 MP: 3/3
   182 | D:3      | Noticed Ijyb
   220 | D:4      | Noticed Grinder
   260 | D:4      | Paralysed by Grinder for 5 turns
   264 | D:4      | Slain by Grinder

Illustrated notes

Levels and vault maps discovered:
D:1:      lemuel_arrival_hallway, layout_basic
D:2:      layout_rooms, minmay_tripent
D:3:      layout_basic, amcnicky_mini_corridor_feature, uniq_ijyb,
          uniq_crazy_yiuf_cottage, uniq_robin, uniq_natasha
D:4:      layout_gridville, gammafunk_temple_overflow_forgotten, uniq_grinder,
          uniq_sigmund

Action                     || total
---------------------------++-------
  Melee: Short sword       ||    22
 Armour: Robe              ||     6
  Dodge: Dodged            ||    23

Table legend: (Time is in decaauts)
 A = Elapsed time spent in this place.
 B = Non-inter-level travel time spent in this place.
 C = Inter-level travel time spent in this place.
 D = Time resting spent in this place.
 E = Time spent auto-exploring this place.
 F = Levels seen in this place.
 G = Mean time per level.
                   A        B        C        D        E       F      G
               +--------+--------+--------+--------+--------+-----+--------+
         Total |    185 |    185 |      0 |      0 |     65 |   4 |   46.2 |
       Dungeon |    185 |    185 |      0 |      0 |     65 |   4 |   46.2 |
               +--------+--------+--------+--------+--------+-----+--------+

Top non-repeatable levels by time:
     D:2: 94 daAuts
     D:3: 41 daAuts
     D:4: 27 daAuts
     D:1: 22 daAuts
